Map: [ESL] Hard Lead

Players

eGGz - Winner!

  • Race: Zerg Zerg
  • Spawn Location: 11:00

MCanning

  • Race: Protoss Protoss
  • Spawn Location: 5:00

Event: ESL SC2 Masters 2023 Winter (Regional)

VOD

Have the link to the VOD?

Description

Time

  • Played on: Oct. 29, 2023, 2:04 p.m.
  • Length: 6:05

All games in this series

Show
View Real Time Build Order
Export as new Build Order

eGGz Zerg - Winner!

Build Orders: Hatch First 

Get SALT Encoding   

  12  0:00  Drone  
  13  0:12  Overlord  
  13  0:17  Drone  
  14  0:31  Drone x2  
  16  0:47  Hatchery  
  15  0:52  Drone  
  15  0:55  Drone  
  17  1:06  Extractor  
  17  1:11  Drone  
  17  1:16  Spawning Pool  
  17  1:17  Drone  
  17  1:20  Drone  
  18  1:28  Drone  
  19  1:39  Drone  
  20  1:49  Drone  
  21  2:00  Overlord  
  21  2:02  Zergling x2  
  21  2:03  Queen x2  
  26  2:10  Metabolic Boost  
  26  2:14  Drone  
  26  2:15  Drone  
  28  2:23  Drone x2  
  30  2:32  Zergling x2  
  30  2:36  Hatchery  
  30  2:39  Drone  
  30  2:43  Overlord  
  31  2:44  Drone  
  32  2:53  Drone  
  32  2:54  Queen  
  32  2:56  Drone  
  36  3:04  Drone  
  37  3:06  Queen  
  37  3:07  Overlord  
  39  3:13  Drone x2  
  39  3:18  Zergling x6  
  44  3:25  Overlord  
  43  3:29  Zergling x2  
  43  3:30  Queen  
  46  3:36  Drone, Spore Crawler  
  46  3:42  Zergling x2  
  46  3:47  Queen  
  46  3:48  Drone  
  50  3:49  Drone  
  50  3:51  Zergling x8  
  50  3:54  Drone  
  56  3:58  Zergling x2  
  56  4:02  Zergling x4  
  59  4:03  Baneling Nest  
  59  4:08  Overlord  
  58  4:12  Zergling x4  
  59  4:18  Overlord  
  59  4:20  Overlord  
  59  4:22  Overlord  
  59  4:25  Overlord  
  59  4:29  Zergling x6  
  62  4:32  Zergling x2  
  62  4:39  Zergling x6  
  62  4:43  Zergling x6  
  67  4:47  Zergling x4  
  67  4:48  Zergling x2  
  67  4:50  Baneling x4  
  67  4:51  Baneling x2  
  69  4:53  Drone  
  69  4:57  Drone x2  
  69  4:59  Drone  
  71  5:11  Zergling x10  
  68  5:15  Drone  
  68  5:18  Drone  
  68  5:20  Zergling x8  
  71  5:26  Drone  
  70  5:30  Drone x2, Roach Warren  
  70  5:33  Zergling x8  
  72  5:37  Zergling x2  
  72  5:38  Zergling x2  
  72  5:40  Drone  
  71  5:46  Zergling x4  
Show
View Real Time Build Order
Export as new Build Order

MCanning Protoss 

Build Orders: 1 Gate Expand, Oracle Opening 

Get SALT Encoding   

  12  0:00  Probe  
  13  0:12  Probe  
  14  0:20  Pylon  
  14  0:24  Probe  
  15  0:38  Gateway, Probe (Chrono Boost)  
  16  0:48  Assimilator  
  16  0:49  Probe (Chrono Boost)  
  17  0:53  Probe (Chrono Boost)  
  18  1:04  Probe  
  19  1:16  Probe  
  20  1:23  Nexus  
  20  1:32  Cybernetics Core  
  20  1:35  Probe  
  21  1:41  Assimilator  
  21  1:47  Probe (Chrono Boost)  
  21  1:52  Pylon  
  22  1:59  Probe (Chrono Boost)  
  23  2:07  Adept (Chrono Boost)  
  23  2:08  Probe (Chrono Boost)  
  26  2:18  Stargate  
  26  2:19  Probe  
  27  2:29  Stalker  
  27  2:33  Probe (Chrono Boost)  
  27  2:35  Probe (Chrono Boost)  
  31  2:37  Warp Gate  
  32  2:47  Probe (Chrono Boost)  
  32  2:48  Probe (Chrono Boost)  
  33  2:51  Probe (Chrono Boost)  
  33  2:55  Probe  
  35  3:01  Probe  
  36  3:07  Probe  
  36  3:09  Void Ray (Chrono Boost)  
  41  3:14  Probe  
  41  3:19  Probe  
  43  3:24  Pylon  
  43  3:26  Probe  
  44  3:31  Gateway  
  44  3:33  Assimilator  
  44  3:35  Assimilator  
  44  3:39  Probe x2  
  44  3:40  Oracle (Chrono Boost)  
  49  3:49  Pylon  
  49  3:51  Probe x2  
  51  4:03  Probe x2  
  53  4:10  Fleet Beacon  
  53  4:15  Probe x2  
  55  4:17  Pylon  
  55  4:21  Pylon  
  55  4:26  Stargate  
  55  4:27  Probe x2  
  57  4:40  Nexus  
  57  4:43  Pylon x2  
  55  4:47  Shield Battery  
  55  4:49  Sentry, Adept  
  55  4:51  Shield Battery  
  59  4:59  Tempest (Chrono Boost)  
  64  5:13  Gateway  
  55  5:16  Pylon x2  
  55  5:19  Probe  
  55  5:20  Probe  
  55  5:21  Zealot  
  51  5:24  Pylon  
  51  5:32  Probe  
  52  5:47  Zealot  
Tags
 
Add a new tag
Caveats
  • Supply blocks, unpowered buildings, or Contaminate may cause inaccurate times.
  • Supply counts are checked every 10 seconds.